cohdb
Replays
Latest Replays
All Replays
Popular Replays
Top Player Replays
Match Explorer
How It Works
Community
CoH3 Stats
Reddit
Sign in to upload your games and track your stats! →
Sign in with Steam
Match 38187452
Unlisted
Match 38187452
Overview
Messages
Build Orders
End
Construct Section Command Post
Vickers Machine Gun Team
Selects Air and Sea Battlegroup
ML 3-inch Mortar Team
Infantry Section
Infantry Section
Infantry Section
Selects Supply Surplus
Construct Platoon Command Post
Infantry Training
Grenade Package
Selects Centaur Medium Tank
Construct Company Command Post
Matilda II Heavy Tank
Unlock M3 Grant Medium Tanks
M3 Grant Medium Tank
Infantry Section
Construct Resource Cache
Selects Naval Bombardment
Construct Resource Cache
M3 Grant Medium Tank
Selects Commando Section Paradrop
Selects Commando Support Section Paradrop
Selects Incendiary Bombing Run
Naval Bombardment
Construct Resource Cache
M3 Grant Medium Tank
Incendiary Bombing Run
Construct Resource Cache
M3 Grant Medium Tank
Cjoffrey
Mowgli01
darkGweni
x n o i z e
Zoni
Aprosarmosto
0
0
Comments
sign in to comment!
No comments posted yet!